 Dungeon Crawl Stone Soup version 0.24.0-123-gd5b16e6ec5 (webtiles) character file.

Game seed: 9349679304854021133, levelgen mode: deterministic

123 Martska the Conjurer (level 4, -3/24 HPs)
             Began as a Deep Elf Conjurer on Jan 24, 2020.
             Slain by Natasha (6 damage)
             ... on level 4 of the Dungeon.
             The game lasted 00:13:54 (2723 turns).

Martska the Conjurer (Deep Elf Conjurer)            Turns: 2723, Time: 00:13:55

Health: -3/24      AC:  3    Str:  6    XL:     4   Next: 79%
Magic:  10/10      EV: 12    Int: 20    God:
Gold:   137        SH:  0    Dex: 15    Spells: 8/9 levels left

rFire    . . .     SeeInvis .   (no weapon)
rCold    . . .     Gourm    .   (no shield)
rNeg     . . .     Faith    .   g - +0 leather armour {MR+}
rPois    .         Spirit   .   (no helmet)
rElec    .         Reflect  .   (no cloak)
rCorr    .         Harm     .   (no gloves)
MR       +....                  (no boots)
Stlth    +++.......             (no amulet)
HPRegen  0.08/turn              n - ring of flight
MPRegen  0.12/turn              s - ring of stealth

@: no status effects
A: no striking features
a: Evoke Flight


You were on level 4 of the Dungeon.
You were not hungry.

You visited 1 branch of the dungeon, and saw 5 of its levels.

You collected 137 gold pieces.

Inventory:

Hand Weapons
 i - a +0 spear
Missiles
 d - 3 boomerangs (quivered)
Armour
 a - a +0 robe
 g - a +0 leather armour of magic resistance (worn)
Jewellery
 n - a ring of flight (left hand)
 s - a ring of stealth (right hand)
Wands
 r - a wand of iceblast (8)
 u - a wand of enslavement (5)
Scrolls
 b - a scroll of enchant weapon {unknown}
 f - a scroll of amnesia {unknown}
 l - 3 scrolls of remove curse {unknown}
 m - a scroll of identify
 o - a scroll of blinking {unknown}
Potions
 e - 2 potions of magic {unknown}
 h - 2 potions of curing {unknown}
 j - a potion of heal wounds {unknown}
 k - a potion of agility {unknown}
 p - a potion of flight {unknown}
 q - a potion of mutation {unknown}
 t - a potion of haste {unknown}
Comestibles
 c - 4 rations


   Skills:
 - Level 2.4 Dodging
 - Level 2.4 Stealth
 - Level 3.0 Spellcasting
 * Level 6.8 Conjurations


You had 8 spell levels left.
You knew the following spells:

 Your Spells              Type           Power        Failure   Level  Hunger
a - Magic Dart            Conj           ####         1%          1    None

Your spell library contained the following spells:

 Spells                   Type           Power        Failure   Level  Hunger
 Searing Ray              Conj           ####..       1%          2    ##.....
 Iskenderun's Mystic Bla  Conj           ####....     13%         4    ####...
 Dazzling Spray           Conj/Hex       ###...       16%         3    ###....
 Force Lance              Conj/Tloc      ###.....     47%         4    ####...
 Fulminant Prism          Conj/Hex       ###.......   47%         4    ####...


Dungeon Overview and Level Annotations

Branches:
Dungeon (5/15)
 Temple: D:4-7

Altars:
Ru

Shops:
D:5 (

Annotations:
D:3 Sigmund
D:4 Natasha


Message History

The jackal barks!
You climb downwards.
Reactivating autopickup.
There is a stone staircase leading up here.
The jackal closely misses you. The jackal completely misses you.
The ogre barely misses you.
You climb upwards.
Level annotation: Natasha The orc shouts!
A jackal comes into view.
You hear some strange, mumbled words.
There is a stone staircase leading down, spattered with blood here.
As you read the scroll labeled ALAEWKOIRU, it crumbles to dust.
It is a scroll of identify.
Okay, then.
A hound comes into view.
The jackal bites you.
* * * LOW HITPOINT WARNING * * *
Something claws you.
You die...

......##'#
.....≈≈≈≈≈...# #...o.
..........h..# #.....
.............# #o.%..
..o..........## #o....
#..................#####
#..............o..o
#.....O{h..)....?)
#.....h@5.........
.................
...............
...............
h##############


You could see an ogre, a hound (wandering), a white imp, an orc and 3 jackals.

Vanquished Creatures
  Natasha (D:4)
  An orc wizard (D:4)
  2 adders
  2 dart slugs
  3 leopard geckos
  6 orcs (D:4)
  6 bats
  2 giant cockroaches (D:2)
  4 goblins (D:1)
  4 hobgoblins
  A quokka (D:2)
  A frilled lizard (D:1)
  5 kobolds
  7 rats
45 creatures vanquished.

Notes
Turn   | Place    | Note
-------+----------+-------------------------------------------
     0 | D:1      | Martska the Deep Elf Conjurer began the quest for the Orb.
     0 | D:1      | Reached XP level 1. HP: 10/10 MP: 6/6
   213 | D:1      | Reached XP level 2. HP: 15/15 MP: 6/8
   297 | D:1      | Reached skill level 5 in Conjurations
  1003 | D:2      | Reached XP level 3. HP: 19/19 MP: 5/9
  1783 | D:3      | Reached skill level 6 in Conjurations
  1835 | D:3      | Noticed Sigmund
  2039 | D:4      | Found a sacrificial altar of Ru.
  2059 | D:4      | Noticed Natasha
  2063 | D:4      | Killed Natasha
  2063 | D:4      | Reached XP level 4. HP: 15/24 MP: 6/10
  2326 | D:5      | Entered Level 5 of the Dungeon
  2450 | D:5      | Found Maroo's Weapon Boutique.
  2684 | D:4      | Noticed an ogre
  2718 | D:4      | Noticed Natasha
  2723 | D:4      | Slain by Natasha

Levels and vault maps discovered:
D:1:      dpeg_arrival_arbitrary_c, layout_basic
D:2:      layout_loops_corners
D:3:      layout_loops_cross, uniq_robin, uniq_sigmund, uniq_terence
D:4:      layout_gridville, kennysheep_mini, led_xom_imps, first_ration,
          lemuel_altar_in_water, uniq_natasha
D:5:      layout_rooms, grunt_temple_overflow_holy_war, serial_shops, shop,
          minivault_24, minmay_statues_item, hangedman_glass_teeth,
          sword_in_stone

Skill      XL: |  1  2  3 |
---------------+----------+-----
Conjurations   | 5 6 |  6.8
Dodging        | |  2.4
Stealth        | |  2.4
Spellcasting   | |  3.0

Action                   |  1- 3 |  4- 6 || total
-------------------------+-------+-------++-------
 Cast: Magic Dart        |    66 |    23 ||    89
  Use: Scroll            |       |     1 ||     1
  Eat: Ration            |     1 |     1 ||     2
Armor: Robe              |     1 |       ||     1
       Leather armour    |     1 |       ||     1
Dodge: Dodged            |     8 |     5 ||    13
